Map: Rorschach LE

Players

DisgameSUCKS

  • Race: Terran Terran
  • League: Diamond

Altik - Winner!

  • Race: Protoss Protoss
  • League: Diamond

VOD

Have the link to the VOD?

Description

Time

  • Played on: Aug. 5, 2026, 5:15 p.m.
  • Length: 4:52
Show
View Real Time Build Order
Export as new Build Order

DisgameSUCKS Terran 

Build Orders:  

Get SALT Encoding   

  8  0:00  SCV  
  9  0:12  SCV  
  10  0:24  SCV  
  11  0:29  Supply Depot  
  11  0:36  SCV  
  12  0:48  SCV  
  13  0:55  Barracks  
  13  1:01  SCV  
  14  1:05  Refinery  
  14  1:13  SCV  
  14  1:16  Refinery  
  15  1:25  SCV  
  16  1:37  SCV  
  17  1:45  Reaper  
  18  1:49  Orbital Command  
  18  2:05  Factory  
  18  2:17  SCV, Supply Depot  
  18  2:19  Reaper  
  20  2:29  SCV  
  21  2:41  SCV  
  22  2:53  SCV  
  22  2:57  Reaper  
  24  3:07  Hellion  
  24  3:08  SCV  
  27  3:19  Supply Depot  
  27  3:20  SCV  
  28  3:30  Command Center  
  28  3:34  Factory Tech Lab  
  28  3:37  Barracks Reactor  
  28  3:39  Starport  
  28  3:40  Barracks  
  28  3:44  Barracks  
  22  4:32  SCV  
Show
View Real Time Build Order
Export as new Build Order

Altik Protoss - Winner!

Build Orders: Oracle Opening 

Get SALT Encoding   

  8  0:00  Probe  
  9  0:12  Probe  
  10  0:22  Pylon  
  10  0:27  Probe  
  11  0:45  Gateway  
  11  0:48  Probe (Chrono Boost)  
  13  0:58  Probe (Chrono Boost)  
  13  0:59  Assimilator  
  13  1:03  Probe (Chrono Boost)  
  14  1:14  Probe (Chrono Boost)  
  15  1:19  Assimilator  
  15  1:26  Probe (Chrono Boost)  
  15  1:32  Cybernetics Core  
  16  1:35  Probe (Chrono Boost)  
  17  1:43  Probe  
  18  1:52  Pylon  
  18  1:55  Probe  
  19  2:09  Stargate  
  19  2:14  Probe  
  20  2:19  Stalker  
  22  2:24  Warp Gate  
  22  2:28  Probe  
  23  2:40  Probe  
  23  2:42  Pylon  
  24  2:58  Oracle (Chrono Boost)  
  24  3:03  Probe  
  28  3:09  Adept  
  30  3:15  Probe  
  31  3:22  Pylon  
  31  3:27  Probe  
  31  3:33  Oracle  
  35  4:14  Nexus  
  35  4:17  Probe  
Tags
 
Add a new tag
Caveats
  • Supply blocks, unpowered buildings, or Contaminate may cause inaccurate times.
  • Supply counts are checked every 10 seconds.